 Dungeon Crawl Stone Soup version 0.23-a0-643-g9ccc95a (webtiles) character file.

25 galech the Skirmisher (level 2, 0/24 HPs)
             Began as a Demonspawn Fighter on Dec 31, 2018.
             Succumbed to a kobold's poison
             ... on level 3 of the Dungeon.
             The game lasted 00:01:20 (1836 turns).

galech the Skirmisher (Demonspawn Fighter)          Turns: 1836, Time: 00:01:21

Health: 0/24       AC: 10    Str: 16    XL:     2   Next: 82%
Magic:  2/2        EV:  4    Int:  9    God:
Gold:   79         SH:  8    Dex: 12    Spells: 1/1 levels left

rFire    . . .     SeeInvis .   a - +0 war axe
rCold    . . .     Gourm    .   c - +0 shield
rNeg     . . .     Faith    .   l - +0 chain mail
rPois    +         Spirit   .   (no helmet)
rElec    .         Reflect  .   (no cloak)
rCorr    .         Harm     .   (no gloves)
MR       .....                  p - +0 pair of boots
Stlth    ..........             (no amulet)
HPRegen  0.08/turn              k - ring of poison resistance
MPRegen  0.08/turn              (no ring)

@: lethally poisoned (0 -> -19)
A: powered by pain 1
a: no special abilities


You were on level 3 of the Dungeon.
You were not hungry.

You visited 1 branch of the dungeon, and saw 3 of its levels.

You collected 79 gold pieces.

Inventory:

Hand Weapons
 a - a +0 war axe (weapon)
Armour
 b - a +0 scale mail
 c - a +0 shield (worn)
 l - a +0 chain mail (worn)
 p - a +0 pair of boots (worn)
Jewellery
 k - a ring of poison resistance (left hand)
Scrolls
 e - 2 scrolls of identify {unknown}
 i - a scroll of immolation {unknown}
 j - a scroll of enchant armour {unknown}
 m - a scroll of remove curse {unknown}
 n - a scroll of fear {unknown}
 r - a scroll of enchant weapon {unknown}
Potions
 d - 2 potions of might
 g - 2 potions of heal wounds {unknown}
 h - a potion of magic {unknown}
 o - 2 potions of mutation {unknown}
 q - a potion of brilliance {unknown}
Comestibles
 f - 4 rations


   Skills:
 + Level 3.2 Fighting
 + Level 2.0 Axes
 + Level 3.2 Armour
 + Level 2.9 Shields


You had one spell level left.
You didn't know any spells.
Your spell library was empty.

Dungeon Overview and Level Annotations

Branches:
Dungeon (3/15)

Altars:
Fedhas


Innate Abilities, Weirdness & Mutations

You sometimes gain a little power by taking damage.


Message History

You feel very sick. The kobold barely misses you.
You closely miss the kobold.
The kobold is severely wounded.
You feel very sick. The kobold completely misses you.
You block the kobold's attack.
You closely miss the kobold.
The kobold is severely wounded.
* * * LOW HITPOINT WARNING * * *
You feel very sick. The kobold hits you but does no damage.
You barely miss the kobold.
The kobold is severely wounded.
* * * LOW HITPOINT WARNING * * *
You feel sick. You block the kobold's attack. x2
You hit the kobold.
You kill the kobold!
* * * LOW HITPOINT WARNING * * *
You feel very sick.
You die...

...♣.♣...........
....♣...#.###.....
.#.......#.#.......
.
......#..#...###...
..# #..#.#.....##
#.. ....
#..#.#..#.##
#...##.......#.####
#........#...#.....
....#@.###........
....................
.##...#..#....#.####
.........##.......
###......###..#.##..
#.#..#.# #..#.# #
#.####+# ##.# # . ..
...


There were no monsters in sight!

Vanquished Creatures
  A worm (D:3)
  A dart slug (D:1)
  A giant cockroach (D:1)
  5 hobgoblins
  A bat (D:2)
  2 frilled lizards
  3 goblins (D:1)
  5 kobolds
  3 rats (D:1)
22 creatures vanquished.

Notes
Turn   | Place    | Note
-------+----------+-------------------------------------------
     0 | D:1      | galech the Demonspawn Fighter began the quest for the Orb.
     0 | D:1      | Reached XP level 1. HP: 18/18 MP: 1/1
   419 | D:1      | Gained mutation: You sometimes gain a little power by
                  | taking damage. [demonic ancestry]
   419 | D:1      | Reached XP level 2. HP: 22/24 MP: 2/2
  1670 | D:2      | Found a blossoming altar of Fedhas.
  1785 | D:3      | Found a faded altar of an unknown god.
  1835 | D:3      | HP: 1/24 [poisoned by a kobold]
  1836 | D:3      | Succumbed to a kobold's poison

Vault maps used:
D:1:      sevenhm_arrival_forest_fort_large_1
D:2:      first_ration, serial_glass, glass_columns_a, glass_columns_a,
          glass_columns_a, glass_columns_c, glass_columns_c, glass_columns_a,
          glass_columns_a, glass_columns_b, minmay_strange_pillars,
          due_unseen_surprise, feat_on_display, fedhas_altar_1
D:3:      gammafunk_ghost_mausoleum, chequers_ecumenical_altar_simple_redux,
          kennysheep_generic_room_11

Skill      XL: |  1  2 |
---------------+-------+-----
Armour         | 3 |  3.2
Axes           | 2 |  2.0
Fighting       | |  3.2
Shields        | |  2.9

Action                   || total
-------------------------++-------
Melee: War axe           ||    76
  Eat: Chunk             ||     3
Armor: Scale mail        ||    18
       Chain mail        ||    14
Dodge: Dodged            ||    18
Block: Shield            ||    30

Table legend:
 A = Non-vault XP
 B = Vault XP
 C = Vault XP percentage of total XP
 D = Non-vault monster count
 E = Vault monster count
 F = Vault count percentage of total count
                 A         B        C        D         E       F
            +---------+---------+-------+---------+---------+-------
      Total |      35 |       1 |   2.8 |      21 |       1 |   4.5
            +---------+---------+-------+---------+---------+-------
        D:1 |      20 |       1 |   4.8 |      13 |       1 |   7.1
        D:2 |       6 |       0 |   0.0 |       4 |       0 |   0.0
        D:3 |       9 |       0 |   0.0 |       4 |       0 |   0.0
            +---------+---------+-------+---------+---------+-------
